 Dungeon Crawl Stone Soup version 0.25-a0-435-g4b9beb1024 (webtiles) character file.

Game seed: 8228591872382797780, levelgen mode: deterministic

18664 LairdRich the Severer (level 12, 0/112 HPs)
             Began as a Minotaur Berserker on Jan 26, 2020.
             Was an Elder of Trog.
             Succumbed to a spiny frog's poison
             ... on level 1 of the Lair of Beasts on Jan 28, 2020.
             The game lasted 00:55:00 (17354 turns).

LairdRich the Severer (Minotaur Berserker)         Turns: 17354, Time: 00:55:01

Health: 0/112      AC: 21    Str: 28    XL:     12   Next: 29%
Magic:  11/11      EV: 11    Int:  4    God:    Trog [****..]
Gold:   620        SH:  0    Dex:  9    Spells: 11/11 levels left

rFire    . . .     SeeInvis .   b - +7 lajatang of Order {silver, rMut}
rCold    + . .     Gourm    .   (shield currently unavailable)
rNeg     . . .     Faith    .   j - +0 plate armour
rPois    .         Spirit   .   h - +2 hat
rElec    .         Reflect  .   r - +0 cloak
rCorr    .         Harm     .   t - +1 pair of gloves
rMut     +                      (no boots)
MR       .....                  (no amulet)
Stlth    ..........             p - ring of protection from cold
HPRegen  0.28/turn              (no ring)
MPRegen  0.12/turn

@: lethally poisoned (0 -> -4)
A: retaliatory headbutt, horns 2
a: Berserk, Trog's Hand, Brothers in Arms, Renounce Religion


You were on level 1 of the Lair of Beasts.
You worshipped Trog.
Trog was greatly pleased with you.
You were not hungry.

You visited 2 branches of the dungeon, and saw 14 of its levels.
You also visited: Ossuary.

You collected 620 gold pieces.

Inventory:

Hand Weapons
 a - a +0 vorpal executioner's axe
 b - the +7 lajatang of Order (weapon) {silver, rMut}
   (You found it on level 11 of the Dungeon)

   It protects you from mutation.
 B - a +1 hand axe of electrocution
 F - a +3 war axe of freezing
Armour
 h - a +2 hat (worn)
 j - a +0 plate armour (worn)
 r - a +0 cloak (worn)
 t - a +1 pair of gloves (worn)
Jewellery
 p - a ring of protection from cold (left hand)
Wands
 g - a wand of flame (17)
 u - a wand of random effects (64)
 y - a wand of iceblast (6)
 z - a wand of digging (6)
 G - a wand of clouds (5)
Scrolls
 d - 3 scrolls of identify
 e - a scroll of fear
 f - a scroll of silence
 m - 3 scrolls of enchant armour
 o - a scroll of teleportation
 s - 4 scrolls of remove curse
 x - a scroll of enchant weapon
 A - a scroll of magic mapping
Potions
 i - 6 potions of curing
 n - a potion of cancellation
 q - 2 potions of agility
 v - a potion of resistance
 w - 2 potions of flight
 D - a potion of heal wounds
 E - a potion of magic
Comestibles
 c - 9 rations


   Skills:
 + Level 11.8 Fighting
 - Level 15.0 Axes
 * Level 6.2 Staves
 + Level 11.5 Armour
 + Level 7.4 Dodging


You had 11 spell levels left.
You didn't know any spells.
Your spell library was empty.

Dungeon Overview and Level Annotations

Branches:
Dungeon (12/15)            Temple (0/1) D:5            Lair (2/6) D:9
    Orc (0/2) D:12        Ossuary (visited)
  Swamp: Lair:2-4    Shoals: Lair:2-4     Snake: Lair:2-4    Spider: Lair:2-4

Altars:
Ashenzari
Cheibriados
Dithmenos
Fedhas
Gozag
Makhleb
Nemelex Xobeh
Okawaru
Qazlal
Ru
Sif Muna
Uskayaw
Yredelemnul
The Shining One

Shops:
D:4 *   D:5 =

Portals:
Abyss: Lair:1

Annotations:
D:3 exclusion: downstairs
D:5 2 runed translucent doors, exclusion: door
D:8 exclusion: 3 doors
D:10 3 runed translucent doors, exclusion: 3 doors
Lair:1 2 transporters, bmj180's ghost, journeyman DrCj


Innate Abilities, Weirdness & Mutations

You reflexively headbutt those who attack you in melee.
You have a pair of horns on your head.


Message History

* * * LOW HITPOINT WARNING * * *
The eight-headed hydra bites you.
* * * LOW HITPOINT WARNING * * *
The eight-headed hydra bites you but does no damage.
The eight-headed hydra closely misses you.
The eight-headed hydra barely misses you.
The eight-headed hydra closely misses you.
The eight-headed hydra bites you but does no damage.
The porcupine closely misses you.
You feel sick. The spiny frog stings you!
* * * LOW HITPOINT WARNING * * *
The porcupine barely misses you.
The spiny frog stings you but does no damage.
* * * LOW HITPOINT WARNING * * *
You feel sick. The porcupine closely misses you. You furiously retaliate!
You headbutt the porcupine.
* * * LOW HITPOINT WARNING * * *
You feel sick.
Your surroundings suddenly seem different.
You die...

#.###.....##.#####.#
....#....###### ##.##
.........####.###...#
..........##....##.P#
...........+...+...##
....#......###'###.#
....#....#####.##..##
#####....##.##+.....#
................@..##
...................#
.##.####.###########
##### ###


There were no monsters in sight!

Vanquished Creatures
  A hydra (Lair:1)
  A two-headed ogre (D:10)
  Erica (D:8)
  Nergalle (D:12)
  Sonja (D:11)
  A skeletal warrior (D:12)
  A deep elf mage (D:12)
  An oklob plant (D:8)
  A cyclops (D:10)
  Joseph (D:7)
  A spiny frog (Lair:1)
  A komodo dragon (D:11)
  3 trolls (D:12)
  A hornet (D:12)
  3 slime creatures (D:12)
  4 hippogriffs
  A meliai zombie (D:12)
  4 hogs (D:7)
  A human (D:7)
  A basilisk (D:12)
  4 yaks (Lair:1)
  3 hungry ghosts
  A steam dragon (D:12)
  Menkaure (D:4)
  2 wargs (D:9)
  2 soldier ants (D:12)
  Duvessa (D:7)
  2 water moccasins (Lair:1)
  5 orc warriors
  3 sky beasts
  An ice beast (D:7)
  A black bear (D:7)
  10 ogres
  A phantom (D:8)
  2 crocodiles (Lair:1)
  2 centaurs (D:6)
  4 big kobolds
  An elf zombie (Ossuary)
  Blork the orc (D:3)
  7 bullfrogs
  3 gnoll sergeants (D:12)
  A wyvern zombie (D:6)
  Dowan (D:7)
  4 scorpions
  6 killer bees (D:10)
  7 wights
  3 howler monkeys (D:7)
  2 bullfrog zombies
  4 crimson imps
  4 hounds
  Crazy Yiuf (D:2)
  A human zombie (Ossuary)
  2 orc priests
  2 centaur zombies
  2 centaur skeletons
  11 orc wizards
  A bullfrog skeleton (D:5)
  4 iguanas
  7 worker ants
  A killer bee zombie (D:7)
  2 big kobold zombies (Ossuary)
  A hound skeleton (D:9)
  4 mummies
  Robin (D:2)
  18 gnolls
  14 adders
  3 shadow imps
  3 oozes
  An adder zombie (Ossuary)
  2 worms
  6 leopard geckos
  56 orcs
  5 ball pythons
  3 giant cockroaches
  14 goblins
  7 hobgoblins
  4 jackals
  4 quokkas
  13 bats
  7 frilled lizards
  A goblin zombie (Ossuary)
  13 hobgoblin zombies (Ossuary)
  3 jackal zombies (Ossuary)
  16 kobolds
  7 kobold zombies (Ossuary)
  A leopard gecko zombie (D:8)
  5 orc zombies (Ossuary)
  A quokka zombie (D:9)
  3 rats (D:1)
  2 rat zombies (Ossuary)
371 creatures vanquished.

Vanquished Creatures (collateral kills)
  A two-headed ogre (D:8)
  The ghost of bmj180 the Thaumaturge, a novice DrCj of Sif Muna (D:8)
  An unseen horror (D:11)
  An ugly thing (D:9)
  A basilisk (Lair:1)
  3 wraiths (D:8)
  A water moccasin (D:9)
  2 centaurs
  3 bullfrogs
  An orc wizard (D:11)
  A hound zombie (D:8)
16 creatures vanquished.

Vanquished Creatures (others)
  2 fungi (D:5)
2 creatures vanquished.

Grand Total: 389 creatures vanquished

Notes
Turn   | Place    | Note
-------+----------+-------------------------------------------
     0 | D:1      | LairdRich the Minotaur Berserker began the quest for the
                  | Orb.
     0 | D:1      | Reached XP level 1. HP: 19/19 MP: 0/0
   634 | D:1      | Reached XP level 2. HP: 27/27 MP: 1/1
   837 | D:1      | Reached skill level 4 in Axes
  1011 | D:2      | You fall into a shaft and drop 1 floor!
  1047 | D:3      | Reached XP level 3. HP: 30/33 MP: 2/2
  1421 | D:2      | Reached ** piety under Trog
  1736 | D:2      | Reached XP level 4. HP: 40/40 MP: 3/3
  1790 | D:2      | Reached skill level 5 in Axes
  1951 | D:2      | Noticed Robin
  1964 | D:2      | Killed Robin
  1964 | D:2      | Reached XP level 5. HP: 36/47 MP: 4/4
  2146 | D:2      | Found a runed translucent door.
  2147 | D:2      | Noticed Crazy Yiuf
  2322 | D:2      | Killed Crazy Yiuf
  2532 | D:3      | Reached *** piety under Trog
  2848 | D:4      | Noticed an ogre
  2852 | D:4      | Noticed an ogre
  2858 | D:3      | Killed an ogre
  2858 | D:3      | Reached skill level 6 in Axes
  2858 | D:3      | Reached XP level 6. HP: 55/55 MP: 5/5
  2864 | D:4      | Reached skill level 5 in Fighting
  2875 | D:4      | Noticed Menkaure
  2885 | D:4      | Killed Menkaure
  2962 | D:4      | Noticed Blork the orc
  2980 | D:3      | Killed Blork the orc
  2980 | D:3      | Reached XP level 7. HP: 53/61 MP: 6/6
  3012 | D:3      | Reached skill level 7 in Axes
  3321 | D:4      | Found Piemitoz's General Store.
  4008 | D:5      | Entered Level 5 of the Dungeon
  4051 | D:5      | Found a staircase to the Ecumenical Temple.
  4128 | D:5      | Reached skill level 5 in Armour
  4261 | D:5      | Found a sacrificial altar of Ru.
  4324 | D:5      | Found a runed translucent door.
  4325 | D:5      | Found a runed translucent door.
  4354 | D:5      | Reached **** piety under Trog
  4363 | D:5      | Found a blossoming altar of Fedhas.
  4400 | D:5      | Found Gieqotes's Jewellery Shoppe.
  4420 | D:5      | Reached skill level 8 in Axes
  4420 | D:5      | Reached skill level 5 in Dodging
  4420 | D:5      | Reached XP level 8. HP: 57/70 MP: 7/7
  4479 | D:5      | Found a basalt altar of Yredelemnul.
  4479 | D:5      | Found a glowing golden altar of the Shining One.
  4483 | D:5      | Noticed an angel
  4692 | D:5      | Noticed a profane servitor
  4737 | D:6      | Found a snail-covered altar of Cheibriados.
  4782 | D:6      | Found a sacrificial altar of Ru.
  5289 | D:6      | Reached skill level 9 in Axes
  5569 | D:6      | Found an opulent altar of Gozag.
  5860 | D:7      | Noticed Joseph
  5867 | D:7      | Noticed a hippogriff
  5870 | D:7      | Killed Joseph
  5870 | D:7      | Reached XP level 9. HP: 78/79 MP: 8/8
  5878 | D:7      | Reached skill level 10 in Axes
  6299 | D:7      | Found a shadowy altar of Dithmenos.
  6335 | D:7      | Reached ***** piety under Trog
  6335 | D:7      | Received a gift from Trog
  6434 | D:7      | Noticed Duvessa
  6435 | D:7      | Noticed Dowan
  6453 | D:7      | Killed Duvessa
  6460 | D:7      | Killed Dowan
  6582 | D:7      | Found a shimmering blue altar of Sif Muna.
  6609 | D:7      | Reached skill level 11 in Axes
  7125 | D:7      | Found a snail-covered altar of Cheibriados.
  7269 | D:8      | Found a sand-covered staircase.
  7273 | Ossuary  | Entered an ossuary
  7332 | Ossuary  | Reached XP level 10. HP: 90/90 MP: 9/9
  7580 | D:8      | Found a hide-covered altar of Uskayaw.
  7580 | D:8      | Noticed an oklob plant
  7596 | D:8      | Noticed Erica
  7605 | D:8      | Killed Erica
  7605 | D:8      | Reached skill level 12 in Axes
  7723 | D:8      | Noticed a two-headed ogre
  7728 | D:8      | Killed a two-headed ogre
  7828 | D:8      | Found a runed translucent gate.
  7828 | D:8      | Found a runed translucent gate.
  7829 | D:8      | Found a runed translucent gate.
  7906 | D:8      | Noticed bmj180's ghost (novice DrCj)
  8335 | D:9      | Reached skill level 13 in Axes
  8336 | D:9      | Received a gift from Trog
  8343 | D:9      | Reached skill level 10 in Fighting
  8396 | D:9      | Found a staircase to the Lair.
  8536 | D:9      | Noticed a white ugly thing
  8839 | D:9      | Killed a white ugly thing
  8877 | D:9      | Found an iron altar of Okawaru.
  8880 | D:9      | Found a sparkling altar of Nemelex Xobeh.
  8880 | D:9      | Found a shattered altar of Ashenzari.
  8892 | D:9      | Found a stormy altar of Qazlal.
  8895 | D:9      | Found a burning altar of Makhleb.
  9284 | D:10     | Entered Level 10 of the Dungeon
  9373 | D:10     | Reached skill level 10 in Armour
  9388 | D:10     | Reached XP level 11. HP: 65/100 MP: 10/10
  9944 | D:10     | Found a runed translucent gate.
  9944 | D:10     | Found a runed translucent gate.
  9944 | D:10     | Found a runed translucent gate.
  9944 | D:10     | Noticed a white ugly thing
  9944 | D:10     | Noticed a cyan ugly thing
  9944 | D:10     | Noticed a cyan ugly thing
  9945 | D:10     | Noticed a red ugly thing
  9945 | D:10     | Noticed a brown ugly thing
 10573 | D:11     | Noticed a two-headed ogre
 10591 | D:11     | Killed an unseen horror
 11097 | D:10     | Killed a two-headed ogre
 11097 | D:10     | Reached skill level 14 in Axes
 11611 | D:11     | Noticed Sonja
 11983 | D:11     | Killed Sonja
 12387 | D:11     | Found the +7 lajatang of Order {silver, rMut}
 12427 | D:11     | Noticed an eight-headed hydra
 13050 | Lair:1   | Entered Level 1 of the Lair of Beasts
 13552 | Lair:1   | Noticed a seven-headed hydra
 14040 | D:8      | Killed an oklob plant
 14040 | D:8      | Reached skill level 1 in Staves
 14330 | D:8      | Killed bmj180's ghost
 15082 | D:12     | Noticed a deep elf mage
 15097 | D:12     | Killed a deep elf mage
 15677 | D:12     | Noticed Nergalle
 15685 | D:12     | Killed Nergalle
 15685 | D:12     | Reached XP level 12. HP: 110/110 MP: 11/11
 15799 | D:12     | Found a staircase to the Orcish Mines.
 15817 | D:12     | Reached skill level 5 in Staves
 15821 | D:12     | Reached skill level 15 in Axes
 16391 | Lair:1   | Killed a 13-headed hydra
 16628 | Lair:1   | Identified the +5 dagger of the Hills {distort, Str+3}
 16633 | Lair:1   | Found a transporter.
 16732 | Lair:1   | Noticed bmj180's ghost (journeyman DrCj)
 17169 | Lair:1   | Found a one-way gate to the infinite horrors of the Abyss.
 17170 | Lair:1   | Found a transporter.
 17338 | Lair:2   | Noticed a four-headed hydra
 17351 | Lair:1   | HP: 2/112 [spiny frog (10)]
 17354 | Lair:1   | Succumbed to a spiny frog's poison

Levels and vault maps discovered:
D:1:      psy_arrival_radial01, layout_loops_ring, minmay_strange_pillars,
          minmay_misc_feat_pillars
D:2:      minmay_angry_zag, layout_loops_cross, uniq_robin,
          uniq_crazy_yiuf_cottage
D:3:      layout_loops_ring, kennysheep_big_empty_room
D:4:      layout_loops_cross, serial_shops, nicolae_shop_crystal,
          hangedman_decor_points, chequers_big_river, uniq_menkaure,
          uniq_blork_the_orc
D:5:      lemuel_insect_pit, layout_rooms, grunt_temple_overflow_holy_war,
          marbit_many_paths, minmay_temple_entry_mini_moons, first_ration,
          serial_shops, nicolae_shop_waterfront, fedhas_altar_3
D:6:      lemuel_ice_spiral_2, layout_basic, nicolae_overflow_hidden_temple,
          nicolae_overflow_crystal_walls, nicolae_ru_great_annihilating_truth
D:7:      layout_loops_cross, nicolae_dithmenos_through_a_glass_darkly,
          basic_altar, grunt_livestock, chei_slow_surprise, uniq_duvessa,
          uniq_joseph
D:8:      layout_gridville, gammafunk_ghost_spectres, enter_ossuary_5,
          lemuel_oklob_altar, uniq_erica
D:9:      layout_basic, minmay_overflow_temple_star_hex,
          erik_lair_orcish_takeover, kennysheep_pointless_box
D:10:     layout_loops_corners, ploomutoo_gammafunk_ghost_potion_laboratory
D:11:     layout_cave_pools, uniq_sonja
D:12:     minmay_inner_zag, layout_irregular_city,
          kennysheep_orc_monster_closet_entryway, serial_undead,
          serial_undead_f, serial_undead_f, serial_undead_c, serial_undead_f,
          minmay_protected_statue, uniq_nergalle
Lair:1:   layout_regular_city, gammafunk_ghost_abyssal_escape
Lair:2:   layout_misc_corridors, special_room [special_room_bee],
          portal_ice_cave_entry_ice_beasts, grunt_megastairs_1

Skill      XL: |  1  2  3  4  5  6  7  8  9 10 11 12 |
---------------+-------------------------------------+-----
Axes           | 4 5 6 8 9 11 13 14 15 | 15.0
Fighting       | 4 5 6 7 8 10 11 | 11.8
Armour         | 3 4 5 6 8 10 11 | 11.5
Dodging        | 3 4 5 6 7 |  7.4
Staves         | 4 6 |  6.2

Action                   |  1- 3 |  4- 6 |  7- 9 | 10-12 || total
-------------------------+-------+-------+-------+-------++-------
Melee: Hand axe          |    82 |    95 |   285 |   106 ||   568
       Headbutt          |     9 |    12 |    44 |    85 ||   150
       Executioner's axe |       |       |       |   131 ||   131
       War axe           |       |       |       |    34 ||    34
       Lajatang          |       |       |       |   148 ||   148
Invok: Berserk           |       |     1 |     1 |     3 ||     5
       Trog's Hand       |       |     1 |     1 |     8 ||    10
       Brothers in Arms  |       |       |       |     7 ||     7
  Use: Scroll            |       |     8 |     3 |    22 ||    33
       Potion            |       |       |       |     1 ||     1
 Stab: Paralysed         |       |       |     1 |       ||     1
  Eat: Chunk             |     3 |     2 |    11 |     9 ||    25
       Ration            |       |     1 |     3 |     9 ||    13
Armor: Animal skin       |     8 |       |       |       ||     8
       Ring mail         |    32 |    33 |   111 |   149 ||   325
       Plate armour      |       |       |       |   175 ||   175
Dodge: Dodged            |    55 |    61 |   155 |   345 ||   616

Table legend:
 A = Non-vault XP
 B = Vault XP
 C = Vault XP percentage of total XP
 D = Non-vault monster count
 E = Vault monster count
 F = Vault count percentage of total count
                 A         B        C        D         E       F
            +---------+---------+-------+---------+---------+-------
      Total |   18194 |    8470 |  31.8 |     274 |     113 |  29.2
            +---------+---------+-------+---------+---------+-------
        D:1 |      19 |       0 |   0.0 |      12 |       0 |   0.0
        D:2 |     120 |     116 |  49.2 |      21 |      20 |  48.8
        D:3 |     308 |      91 |  22.8 |      33 |       1 |   2.9
        D:4 |     158 |     172 |  52.1 |      10 |       1 |   9.1
        D:5 |     555 |       3 |   0.5 |      26 |       1 |   3.7
        D:6 |     739 |      18 |   2.4 |      19 |       4 |  17.4
        D:7 |    1531 |    1681 |  52.3 |      29 |       9 |  23.7
        D:8 |    1017 |    2509 |  71.2 |      10 |       6 |  37.5
        D:9 |    2521 |     580 |  18.7 |      40 |       8 |  16.7
       D:10 |    2110 |       0 |   0.0 |      22 |       0 |   0.0
       D:11 |    2124 |     795 |  27.2 |      23 |       1 |   4.2
       D:12 |    4114 |    2202 |  34.9 |      15 |      23 |  60.5
     Lair:1 |    2878 |       0 |   0.0 |      14 |       0 |   0.0
    Ossuary |       0 |     303 | 100.0 |       0 |      39 | 100.0
            +---------+---------+-------+---------+---------+-------
